Map: Overgrowth LE (Void)

Players

Musumeci

  • Race: Zerg Zerg
  • League: Diamond
  • Spawn Location: 7:00

KloMeister - Winner!

  • Race: Protoss Protoss
  • League: Diamond
  • Spawn Location: 1:00

VOD

Have the link to the VOD?

Description

Time

  • Played on: Dec. 22, 2016, 11:55 a.m.
  • Length: 10:19
Show
View Real Time Build Order
Export as new Build Order

Musumeci Zerg 

Build Orders: Hatch First 

Get SALT Encoding   

  12  0:01  Drone  
  13  0:08  Drone  
  14  0:15  Extractor  
  14  0:16  Drone  
  15  0:40  Hatchery  
  14  0:47  Drone, Extractor  
  15  1:08  Spawning Pool  
  14  1:14  Extractor  
  14  1:15  Extractor  
  12  1:23  Drone  
  12  1:24  Drone x2  
  14  1:36  Overlord  
  14  1:52  Drone x2  
  16  1:56  Queen  
  19  2:01  Drone  
  19  2:05  Drone  
  20  2:09  Drone  
  20  2:14  Drone  
  22  2:20  Metabolic Boost  
  22  2:26  Drone  
  22  2:27  Drone  
  22  2:29  Zergling x2  
  25  2:37  Queen  
  27  2:44  Overlord  
  27  2:46  Drone  
  28  3:02  Drone x2  
  28  3:03  Drone x2  
  28  3:04  Drone  
  28  3:05  Drone x2  
  35  3:27  Hatchery  
  34  3:36  Overlord x2  
  34  3:55  Zergling x14  
  41  4:01  Lair  
  41  4:08  Drone  
  41  4:09  Drone  
  43  4:10  Drone, Roach Warren  
  43  4:13  Drone  
  43  4:17  Overlord  
  43  4:18  Overlord  
  43  4:23  Spore Crawler  
  42  4:25  Spore Crawler  
  34  4:50  Drone x11  
  34  4:52  Extractor  
  44  4:53  Extractor  
  42  5:14  Spire  
  42  5:17  Drone x6  
  42  5:19  Spore Crawler  
  46  5:22  Zergling x8  
  50  5:30  Drone  
  50  5:31  Drone x4  
  55  5:38  Drone x3  
  58  5:43  Drone  
  59  5:55  Queen  
  61  5:57  Extractor  
  61  5:59  Extractor  
  56  6:10  Overlord x3  
  59  6:16  Drone x6  
  62  6:30  Mutalisk x7  
  62  6:31  Mutalisk  
  78  6:42  Zerg Flyer Weapons Level 1, Mutalisk  
  78  6:43  Mutalisk  
  82  6:51  Mutalisk  
  82  6:53  Drone x2  
  82  6:54  Drone  
  87  7:01  Drone x3  
  90  7:17  Overlord x4  
  86  7:40  Mutalisk x7  
  86  7:41  Mutalisk  
  96  8:02  Zergling x2  
  96  8:03  Zergling x12  
  103  8:09  Baneling Nest  
  102  8:14  Drone x4  
  102  8:15  Drone  
  107  8:28  Hatchery  
  102  8:46  Corruptor x7  
  106  9:10  Mutalisk x7  
  106  9:16  Extractor  
  118  9:17  Extractor  
  118  9:24  Drone x3  
  120  9:30  Overlord x4  
  118  9:55  Zergling x10  
  123  10:00  Drone x4  
Show
View Real Time Build Order
Export as new Build Order

KloMeister Protoss - Winner!

Build Orders: Oracle Opening 

Get SALT Encoding   

  12  0:01  Probe (Chrono Boost)  
  13  0:11  Probe (Chrono Boost)  
  14  0:18  Pylon  
  14  0:23  Probe (Chrono Boost)  
  15  0:36  Probe (Chrono Boost)  
  16  0:46  Probe (Chrono Boost)  
  17  0:57  Probe (Chrono Boost)  
  18  1:09  Gateway  
  18  1:22  Nexus  
  19  1:25  Probe (Chrono Boost)  
  19  1:32  Assimilator  
  19  1:36  Probe (Chrono Boost)  
  20  1:46  Probe (Chrono Boost)  
  21  1:48  Gateway  
  21  1:51  Pylon  
  21  1:56  Zealot  
  23  2:05  Cybernetics Core  
  23  2:09  Assimilator, Probe (Chrono Boost)  
  24  2:20  Probe (Chrono Boost)  
  25  2:23  Zealot  
  27  2:30  Probe (Chrono Boost)  
  27  2:35  Probe (Chrono Boost)  
  29  2:40  Zealot  
  29  2:41  Probe (Chrono Boost)  
  32  2:45  Probe (Chrono Boost)  
  32  2:47  Stargate  
  34  2:51  Probe (Chrono Boost)  
  34  2:55  Zealot  
  36  3:02  Mothership Core (Chrono Boost)  
  36  3:03  Probe (Chrono Boost)  
  39  3:09  Assimilator  
  39  3:13  Probe (Chrono Boost)  
  39  3:15  Pylon  
  40  3:21  Probe (Chrono Boost)  
  40  3:22  Adept  
  40  3:24  Warp Gate, Probe (Chrono Boost)  
  44  3:35  Oracle  
  47  3:45  Probe (Chrono Boost)  
  47  3:46  Probe (Chrono Boost)  
  49  3:50  Pylon  
  49  3:53  Adept  
  51  3:56  Probe (Chrono Boost)  
  51  3:58  Probe (Chrono Boost)  
  53  4:06  Probe (Chrono Boost), Void Ray  
  55  4:10  Probe (Chrono Boost)  
  60  4:17  Probe (Chrono Boost)  
  60  4:21  Nexus  
  60  4:25  Pylon  
  60  4:29  Probe (Chrono Boost)  
  60  4:30  Probe (Chrono Boost)  
  62  4:43  Probe (Chrono Boost), Zealot, Void Ray  
  65  4:50  Probe (Chrono Boost)  
  70  4:54  Pylon  
  70  5:00  Stargate  
  70  5:03  Forge  
  70  5:12  Pylon, Probe (Chrono Boost)  
  70  5:14  Probe (Chrono Boost)  
  72  5:22  Protoss Air Weapons Level 1  
  72  5:23  Probe (Chrono Boost)  
  72  5:24  Assimilator  
  72  5:26  Void Ray, Probe (Chrono Boost)  
  74  5:33  Probe (Chrono Boost)  
  74  5:34  Probe (Chrono Boost)  
  80  5:36  Assimilator  
  80  5:38  Probe (Chrono Boost)  
  80  5:40  Protoss Shields Level 1, Assimilator  
  81  5:44  Probe x2 (Chrono Boost)  
  84  5:50  Probe (Chrono Boost)  
  84  5:51  Photon Cannon  
  84  5:54  Probe (Chrono Boost)  
  85  6:00  Void Ray  
  85  6:03  Adept  
  91  6:10  Probe (Chrono Boost)  
  92  6:11  Void Ray  
  92  6:13  Adept  
  92  6:17  Probe (Chrono Boost)  
  99  6:19  Probe (Chrono Boost)  
  99  6:22  Probe (Chrono Boost)  
  101  6:32  Pylon  
  101  6:36  Pylon  
  101  6:37  Pylon  
  101  6:39  Fleet Beacon  
  101  6:40  Twilight Council  
  101  6:45  Pylon  
  101  6:46  Photon Cannon  
  101  6:50  Probe x2 (Chrono Boost)  
  101  6:52  Adept x2, Probe (Chrono Boost)  
  108  6:57  Pylon  
  108  7:01  Probe x2 (Chrono Boost)  
  110  7:04  Pylon, Probe (Chrono Boost)  
  110  7:07  Void Ray  
  111  7:09  Pylon  
  111  7:11  Probe (Chrono Boost)  
  116  7:18  Void Ray  
  116  7:21  Resonating Glaives  
  120  7:25  Photon Cannon, Pylon  
  116  7:41  Photon Cannon  
  116  7:44  Stalker x2  
  118  7:46  Phoenix  
  118  7:48  Photon Cannon  
  122  8:01  Phoenix  
  121  8:07  Pylon  
  121  8:08  Phoenix  
  123  8:14  Photon Cannon  
  123  8:16  Templar Archives  
  123  8:19  Photon Cannon  
  123  8:24  Photon Cannon  
  123  8:28  Stalker x2  
  123  8:32  Phoenix, Nexus  
  122  8:52  Photon Cannon  
  122  8:54  Phoenix  
  120  8:56  Photon Cannon  
  120  8:57  Phoenix  
  120  9:01  Adept x2  
  128  9:09  Gateway  
  128  9:11  Gateway  
  128  9:15  Phoenix, Probe x2 (Chrono Boost)  
  128  9:16  Probe (Chrono Boost)  
  133  9:24  High Templar x2  
  133  9:26  Probe x2 (Chrono Boost)  
  145  9:35  Archon  
  137  10:18  High Templar x2  
Tags
 
Add a new tag
Caveats
  • Supply blocks, unpowered buildings, or Contaminate may cause inaccurate times.
  • Supply counts are checked every 10 seconds.